 Dungeon Crawl Stone Soup version 0.29.1 (webtiles) character file.

Game seed: 8846400772385591699

365 masschaos23 the Chopper (level 7, -4/82 HPs)
             Began as a Human Chaos Knight on Sept 13, 2022.
             Was a Plaything of Xom.
             Engulfed by a cloud of flame (15 damage)
             ... on level 4 of the Dungeon.
             The game lasted 00:23:37 (2881 turns).

masschaos23 the Chopper (Human Chaos Knight)        Turns: 2881, Time: 00:23:37

Health: -4/82      AC: 23    Str: 12    XL:     7   Next: 0%
Magic:  7/7        EV:  2    Int: 13    God:    Xom [..*...]
Gold:   120        SH:  8    Dex: 14    Spells: 6/6 levels left

rFire   . . .      SeeInvis .   a - +1 hand axe (chaos)
rCold   . . .      Faith    .   E - +0 buckler of the Solstice {rElec}
rNeg    . . .      Spirit   .   (body armour currently unavailable)
rPois   +          Reflect  +   (helmet currently unavailable)
rElec   +          Harm     .   (cloak currently unavailable)
rCorr   .          Rampage  .   (gloves currently unavailable)
Will    .....      NoTele   +   (boots currently unavailable)
Stlth   ++........              r - amulet of reflection
HPRegen 0.23/turn               (no ring)
MPRegen 0.10/turn               (no ring)

@: tree-form (expiring)
A: stationary, stasis, torment immunity, boosted hp
a: Renounce Religion


You were on level 4 of the Dungeon.
You worshipped Xom.
You were a toy of Xom.
You were a tree.
You visited 1 branch of the dungeon, and saw 4 of its levels.

You collected 238 gold pieces.
You spent 118 gold pieces at shops.

Inventory:

Hand Weapons
 a - a +1 hand axe of chaos (weapon)
 d - a +0 sling
 h - a +0 whip
Missiles
 g - 8 poisoned darts
 k - 42 stones
 q - 3 atropa-tipped darts
 x - 3 boomerangs
Armour
 b - a +3 leather armour
 e - a +0 ring mail
 f - a +0 leather armour
 i - a +2 hat (melded)
 s - a +0 ring mail
 t - the +0 leather armour of the Swamp (melded) {Rampage rF+}
   (You found it on level 2 of the Dungeon)

   rF:        It protects you from fire.
   Rampage:   It bestows one free step when moving towards enemies.
 E - the +0 buckler of the Solstice (worn) {rElec}
   (You found it on level 4 of the Dungeon)

   rElec:     It insulates you from electricity.
Jewellery
 r - an amulet of reflection (around neck)
Scrolls
 j - a scroll of teleportation
 l - 2 scrolls of butterflies
 n - 2 scrolls of amnesia
 o - a scroll of identify
 u - 3 scrolls of vulnerability
 v - a scroll of fear
 B - 3 scrolls of poison
Potions
 m - a potion of curing
 w - a potion of flight
 A - a potion of attraction {unknown}
 C - a potion of lignification {unknown}
Miscellaneous
 c - a piece from Xom's chessboard (15/15) (quivered)


   Skills:
 + Level 4.4 Fighting
 + Level 5.2 Axes
 + Level 0.7 Throwing
 + Level 2.9 Armour
 + Level 2.1 Dodging
 + Level 1.4 Stealth
 + Level 0.1 Shields
 + Level 0.1 Evocations


You had 6 spell levels left.
You didn't know any spells.
Your spell library contained the following spells:

 Spells                   Type           Power      Damage    Failure   Level
 Shock                    Conj/Air       0%         1d3       38%         1
 Summon Small Mammal      Summ           0%         N/A       38%         1
 Call Canine Familiar     Summ           0%         N/A       77%         3
 Summon Guardian Golem    Hex/Summ       0%         N/A       77%         3
 Swiftness                Air            0%         N/A       77%         3
 Airstrike                Air            0%         2d(0-16)  99%         4


Dungeon Overview and Level Annotations

Branches:
Dungeon (4/15)
 Temple: D:4-7

Altars:
Elyvilon
Hepliaklqana

Shops:
D:2 *


Message History

You cannot move.
You cannot move.
You cannot move.
You cannot move.
You cannot move.
You cannot move.
You feel better.
You cannot move.
As you read the scroll labelled FEOVOI OB NOD, it crumbles to dust.
It is a scroll of enchant weapon.
Your +0 hand axe of chaos glows red for a moment.
As you read the scroll labelled JIMENI FAFYETS, it crumbles to dust.
The creatures around you are filled with an inner flame!
It was a scroll of immolation.
You cannot move.
As you read the scroll labelled GINGADD SONE, it crumbles to dust.
It is a scroll of enchant armour.
Really abort (and waste the scroll)? [Y]es or [N]o only, please.
Really abort (and waste the scroll)?
Your +2 leather armour glows green for a moment.
Flame seeps out of something.
Reactivating autopickup.
You feel a bit more experienced.
Dowan explodes!
The fiery explosion engulfs you.
Your Axes skill increases to level 5!
You have reached level 7!
Unknown command.
Unknown command.
You're standing in a cloud of flame!
You're standing in a cloud of flame!
You are engulfed in blazing flames.
You are engulfed in blazing flames.
You are engulfed in blazing flames.
* * * LOW HITPOINT WARNING * * *
You feel much better.
You are engulfed in blazing flames.
* * * LOW HITPOINT WARNING * * *
You are engulfed in blazing flames.
You die...

#.####§.......
#.....§###...## .
######§# #..... ..
#§# #....# .# #§#
#..#.. .# # #§#
#.$..# #.# .# #§#
#..... ..#..# #§#
#..#..#..#..# #§#
#..#.§♣§....### #§#
#..#.§)#....... #§#
#..###$§########
#§####..####.........
#§...............####
######...§....##.#
########## .. ##


There were no monsters in sight!

Vanquished Creatures
  Duvessa (D:4)
  Dowan (D:4)
  An orc priest (D:3)
  7 adders
  An ufetubus (D:4)
  2 worms
  A dart slug (D:3)
  4 orcs
  12 bats
  10 endoplasms
  5 giant cockroaches
  7 goblins
  8 hobgoblins
  6 jackals
  2 quokkas
  5 ball pythons
  4 frilled lizards
  13 kobolds
  5 rats
95 creatures vanquished.

Vanquished Creatures (collateral kills)
  An adder (D:3)
1 creature vanquished.

Vanquished Creatures (others)
  3 fungi (D:2)
  21 plants (D:2)
24 creatures vanquished.

Grand Total: 120 creatures vanquished

Notes
Turn   | Place    | Note
-------+----------+-------------------------------------------
     0 | D:1      | masschaos23 the Human Chaos Knight began the quest for the
                  | Orb.
     0 | D:1      | Reached XP level 1. HP: 18/18 MP: 1/1
    57 | D:1      | Reached XP level 2. HP: 20/24 MP: 2/2
   120 | D:1      | XOM: potion effect (might)
   253 | D:1      | XOM: 4-stop teleportation journey
   396 | D:1      | Reached XP level 3. HP: 28/29 MP: 3/3
  1058 | D:1      | XOM: god gift: fizzy blue potion {god gift}
  1095 | D:2      | XOM: silly message
  1131 | D:2      | Reached XP level 4. HP: 14/36 MP: 4/4
  1132 | D:2      | XOM: silly message
  1283 | D:2      | Found a faded altar of an unknown god.
  1418 | D:2      | Identified the +0 leather armour of the Swamp {Rampage rF+}
  1463 | D:2      | Found Esuyw's Assorted Antiques.
  1473 | D:2      | Reached skill level 4 in Axes
  1722 | D:2      | XOM: potion effect (haste)
  1845 | D:2      | Bought a scroll labelled OTYCUO QAHIC for 20 gold pieces
  1845 | D:2      | Bought a scroll labelled BUPOTW ATYIHE for 20 gold pieces
  1845 | D:2      | Bought a scroll labelled ZUPEUMOUFI for 20 gold pieces
  1845 | D:2      | Bought 2 scrolls labelled ADOXOCZ YROKHLU for 40 gold
                  | pieces
  1845 | D:2      | Bought a fizzy puce potion for 18 gold pieces
  1908 | D:3      | Reached XP level 5. HP: 42/42 MP: 5/5
  2001 | D:3      | XOM: potion effect (berserk rage)
  2015 | D:3      | Reached skill level 1 in Stealth
  2367 | D:3      | Found a white marble altar of Elyvilon.
  2425 | D:3      | Reached XP level 6. HP: 29/48 MP: 6/6
  2751 | D:4      | Found a hazy altar of Hepliaklqana.
  2762 | D:4      | Identified the +0 buckler of the Solstice {rElec}
  2822 | D:4      | XOM: cloud trail
  2854 | D:4      | Noticed Dowan
  2854 | D:4      | Noticed Duvessa
  2872 | D:4      | Killed Duvessa
  2876 | D:4      | Killed Dowan
  2877 | D:4      | Reached skill level 5 in Axes
  2877 | D:4      | Reached XP level 7. HP: 49/55 MP: 7/7
  2881 | D:4      | Engulfed by a cloud of flame

Illustrated notes

Levels and vault maps discovered:
D:1:      minmay_arrival_three_doors, layout_basic, minmay_cut_off
D:2:      layout_rooms, serial_shops, shop,
          shapermc_ecumenical_altar_mp_ritualfount
D:3:      layout_basic, mainiacjoe_overflow_concentric_impassable
D:4:      layout_loops_ring, tso_metal_star, kennysheep_little_box,
          mainiacjoe_overflow_alcove_4, nicolae_qazlal_style_of_elements,
          minmay_temple_entry_overgrown, hangedman_decor_lopped, minivault_19,
          uniq_blork_the_orc, uniq_duvessa, uniq_pargi

Skill      XL: |  1  2  3  4  5  6 |
---------------+-------------------+-----
Axes           | 4 5 |  5.2
Fighting       | 4 |  4.4
Dodging        | 2 |  2.1
Stealth        | 1 |  1.4
Throwing       | |  0.7
Armour         | |  2.9
Shields        | |  0.1
Evocations     | |  0.1

Action                   |  1- 3 |  4- 6 |  7- 9 || total
-------------------------+-------+-------+-------++-------
Melee: Hand axe          |   119 |   181 |       ||   300
       Punch             |       |     1 |       ||     1
Throw: Dart              |     2 |     7 |       ||     9
Evoke: Piece from Xom's  |       |     3 |       ||     3
  Use: Potion            |     1 |     5 |     1 ||     7
       Scroll            |       |    11 |       ||    11
 Stab: Sleeping          |     2 |     1 |       ||     3
       Confused          |     1 |       |       ||     1
       Petrified         |       |    10 |       ||    10
       Paralysed         |       |     1 |       ||     1
Armor: Leather armour    |   108 |    32 |       ||   140
       Skin              |       |     3 |       ||     3
Dodge: Dodged            |    79 |    84 |       ||   163
Block: Buckler           |       |     8 |       ||     8
       Other             |       |     1 |       ||     1
       Reflection        |       |     1 |       ||     1
